 Dungeon Crawl Stone Soup version 0.31-a0-1278-g11c5b68f87 (webtiles) character file.

Game seed: 3104779480208838156

408 MackTheKnife the Skirmisher (level 6, -1/50 HPs)
             Began as a Minotaur Hunter on Dec 17, 2023.
             Slain by a black bear (5 damage)
             ... on level 4 of the Dungeon.
             The game lasted 00:03:08 (1533 turns).

MackTheKnife the Skirmisher (Minotaur Hunter)       Turns: 1533, Time: 00:03:09

Health: -1/50      AC:  5    Str: 15    XL:     6   Next: 57%
Magic:  5/5        EV: 12    Int:  6    God:
Gold:   108        SH:  0    Dex: 16    Spells: 5/5 levels left

rFire   . . .        a - +0 shortbow {bow}
rCold   . . .        (shield currently unavailable)
rNeg    . . .        c - +0 leather armour
rPois   .            (helmet restricted)
rElec   .            e - +1 cloak
rCorr   .            (no gloves)
SInv    .            (no boots)
Will    .....        (no amulet)
Stlth   +            (no ring)
HPRegen 0.28/turn    (no ring)
MPRegen 0.09/turn

%: no passive effects
@: weak-willed
A: horns 2, retaliatory headbutt
a: no special abilities


You were on level 4 of the Dungeon.
You visited 1 branch of the dungeon, and saw 4 of its levels.

You collected 108 gold pieces.


Innate Abilities, Weirdness & Mutations

You have a pair of horns on your head.
You reflexively headbutt those who attack you in melee.


   Skills:
 - Level 2.4 Fighting
 + Level 8.8 Ranged Weapons
 - Level 2.1 Dodging
 - Level 0.7 Stealth


You had 5 spell levels left.
You didn't know any spells.
Your spell library contained the following spells:

 Spells                   Type           Power      Damage    Failure   Level
 Wereblood                Tmut           0%         N/A       67%         2
 Stone Arrow              Conj/Erth      0%         3d7       88%         3
 Animate Armour           Summ/Erth      0%         N/A       99%         4
 Irradiate                Conj/Tmut      0%         3d11      100%        5
 Lehudib's Crystal Spear  Conj/Erth      0%         10d2      100%        8

Inventory:

Hand Weapons
 a - a +0 shortbow (weapon) {bow}
Armour
 c - a +0 leather armour (worn)
 e - a +1 cloak (worn)
   (You found it on level 1 of the Dungeon)
Wands
 h - a wand of mindburst (5)
   (You found it on level 3 of the Dungeon)
Scrolls
 g - a scroll of revelation
Potions
 f - a potion of enlightenment
 i - a potion of resistance {unknown}

Dungeon Overview and Level Annotations

Branches:
Dungeon (4/15) Zot: 22445
 Temple: D:4-7

Altars:

#. ##. ##..
############# #######...
............# #..#......
...........####..####...
............#.#.##......
...⌠........)#.#...####.
.....†.@.)..#.#.#### #.
......h....####..# #>
............# #..# #.
##### ##############
##### #. #.#.# #..# #.#
#.# #. #.#.####.# #.#
#.# #. .##.#.##.#.## #.#
#.# #. .......†....##
#.# #.# #g
###.#.##.#..>## #.#
#.#####.


You could see a black bear (weak-willed).


Message History

Grinder shouts!
The arrow hits the dart slug!
A black bear comes into view.
You shoot an arrow.
The arrow hits the dart slug but does no damage.
The dart slug launches a dart at you. The slug dart hits you.
You shoot an arrow. The arrow hits the dart slug.
You kill the dart slug!
You shoot an arrow. The arrow hits Grinder!
Grinder hits you!
You shoot an arrow.
The arrow hits Grinder but does no damage.
Grinder rolls her eyes.
Grinder gestures at you. Pain shoots through your body!
* * * LOW HITPOINT WARNING * * *
You are too injured to fight recklessly!
You are too injured to fight recklessly!
You are too injured to fight recklessly!
You are too injured to fight recklessly!
You are too injured to fight recklessly! 😨 HP[-21]
You take 21 damage, and now have 21/42 hp.
MASSIVE DAMAGE!! (PAUSE) Unknown command.
Unknown command.
Okay, then.
As you read the scroll labelled KUNUOVYORPH, it crumbles to dust.
Magic quickly surges around you.
It was a scroll of vulnerability.
Grinder gestures at you.
You struggle to resist. 😮 HP[+1] Unknown command.
Aiming: Mindburst
Press: ? - help, Shift-Dir - straight line, f/p - Grinder
Aim: Grinder (lightly wounded, weak-willed, chance to affect: 72%) Grinder's mind is blasted!
Grinder hits you but does no damage.
Aiming: Mindburst
Press: ? - help, Shift-Dir - straight line, f/p - Grinder
Aim: Grinder (heavily wounded, weak-willed, chance to affect: 72%) Grinder's mind is blasted!
The black bear bites you.
* * * LOW HITPOINT WARNING * * *
The black bear claws you.
* * * LOW HITPOINT WARNING * * *
The black bear barely misses you. Grinder hits you.
* * * LOW HITPOINT WARNING * * *
You writhe in agony.
* * * LOW HITPOINT WARNING * * *
😨 HP[-11]
You take 11 damage, and now have 11/42 hp.
MASSIVE DAMAGE!! (PAUSE) Unknown command.
Aiming: Mindburst
Press: ? - help, Shift-Dir - straight line, f/p - Grinder
Aim: Grinder (severely wounded, weak-willed, chance to affect: 72%) Grinder struggles to resist.
The black bear bites you.
* * * LOW HITPOINT WARNING * * *
The black bear closely misses you. The black bear claws you.
* * * LOW HITPOINT WARNING * * *
Grinder barely misses you. You furiously retaliate!
You headbutt Grinder. 😱 HP[-5]
You take 5 damage, and now have 6/42 hp.
Aiming: Mindburst
Press: ? - help, Shift-Dir - straight line, f/p - Grinder
Aim: Grinder (almost dead, weak-willed, chance to affect: 72%) Grinder struggles to resist.
The black bear bites you.
* * * LOW HITPOINT WARNING * * *
The black bear closely misses you.
The black bear claws you but does no damage.
Grinder completely misses you. 😱 HP[-1]
You take 1 damage, and now have 5/42 hp.
Aiming: Mindburst
Press: ? - help, Shift-Dir - straight line, f/p - Grinder
Aim: Grinder (almost dead, weak-willed, chance to affect: 72%) Grinder struggles to resist.
The black bear misses you. The black bear claws you.
* * * LOW HITPOINT WARNING * * *
The black bear claws you but does no damage.
Grinder misses you. 😱 HP[-1]
You take 1 damage, and now have 4/42 hp.
Aiming: Mindburst
Press: ? - help, Shift-Dir - straight line, f/p - Grinder
Aim: Grinder (almost dead, weak-willed, chance to affect: 72%) Grinder's mind is blasted!!
You blow up Grinder!
The black bear bites you but does no damage.
The black bear claws you but does no damage.
The black bear claws you.
* * * LOW HITPOINT WARNING * * *
Your Ranged Weapons skill increases to level 8!
You have reached level 6! 😱 MP[+1]
You now have 50 max hp (+8).
Your mp is fully restored (5).
Aiming: Mindburst
Press: ? - help, Shift-Dir - straight line, f - black bear
Aim: a black bear (weak-willed, chance to affect: 72%)
The black bear's mind is blasted!!
The black bear bites you.
You die...

Skill      XL: |  1  2  3  4  5 |
---------------+----------------+-----
Ranged Weapons | 5 6 7 8 |  8.8
Fighting       | |  2.4
Dodging        | |  2.1
Stealth        | |  0.7

Action                     |  1- 3 |  4- 6 || total
---------------------------+-------+-------++-------
   Fire: Shortbow          |    93 |    65 ||   158
  Evoke: Wand              |       |    10 ||    10
    Use: Scroll            |     2 |     4 ||     6
 Armour: Leather armour    |    10 |    41 ||    51
  Dodge: Dodged            |    16 |    19 ||    35

Levels and vault maps discovered:
D:1:      dpeg_arrival_stonehenge_8_columns, layout_basic
D:2:      layout_loops_ring, basic_altar, uniq_natasha
D:3:      layout_basic, shapermc_ecumenical_altar_mp_vishouse, moated_statue,
          grunt_ministairs_10
D:4:      layout_loops_ring, tgw_kikubaaqudgha, wad_rectangle_vault,
          uniq_grinder

Notes
Turn   | Place    | Note
-------+----------+-------------------------------------------
     0 | D:1      | MackTheKnife the Minotaur Hunter began the quest for the
                  | Orb.
     0 | D:1      | Reached XP level 1. HP: 18/18 MP: 0/0
     0 | D:1      | magus.rc [v1.9.6]
   118 | D:1      | Reached XP level 2. HP: 25/25 MP: 1/1
   176 | D:1      | Reached skill level 5 in Ranged Weapons
   397 | D:2      | Reached XP level 3. HP: 30/30 MP: 2/2
   553 | D:2      | You pick up a book of Changes and begin reading...
   553 | D:2      | You add the spells Wereblood and Irradiate to your library.
   574 | D:2      | Noticed Natasha
   579 | D:2      | Killed Natasha
   580 | D:2      | Reached skill level 6 in Ranged Weapons
   610 | D:3      | You pick up a book of Armaments and begin reading...
   610 | D:3      | You add the spells Stone Arrow, Animate Armour and
                  | Lehudib's Crystal Spear to your library.
   830 | D:3      | Reached XP level 4. HP: 37/37 MP: 3/3
  1097 | D:4      | Noticed Grinder
  1103 | D:4      | Paralysed by Grinder for 4 turns
  1357 | D:4      | You pick up a book of Armaments and begin reading...
  1502 | D:4      | Noticed an ogre
  1505 | D:4      | Killed an ogre
  1506 | D:4      | Reached skill level 7 in Ranged Weapons
  1506 | D:4      | Reached XP level 5. HP: 42/42 MP: 4/4
  1521 | D:4      | Noticed a black bear
  1529 | D:4      | HP: 9/42 [black bear (2)]
  1531 | D:4      | HP: 4/42 [black bear (1)]
  1532 | D:4      | Killed Grinder
  1533 | D:4      | Reached skill level 8 in Ranged Weapons
  1533 | D:4      | Reached XP level 6. HP: 4/50 MP: 5/5
  1533 | D:4      | Slain by a black bear

Vanquished Creatures
  Grinder (D:4)
  An ogre (D:4)
  Natasha (D:2)
  An orc wizard (D:4)
  3 dart slugs
  7 orcs
  8 ball pythons
  3 bats
  4 endoplasms
  A giant cockroach (D:1)
  8 goblins
  5 hobgoblins
  5 quokkas
  A frilled lizard (D:2)
  5 kobolds
  5 rats
59 creatures vanquished.

Table legend:
 A = Non-vault XP
 B = Vault XP
 C = Vault XP percentage of total XP
 D = Non-vault monster count
 E = Vault monster count
 F = Vault count percentage of total count
                 A         B        C        D         E       F
            +---------+---------+-------+---------+---------+-------
      Total |     130 |     453 |  77.7 |      52 |       7 |  11.9
            +---------+---------+-------+---------+---------+-------
        D:1 |      36 |       0 |   0.0 |      21 |       0 |   0.0
        D:2 |       8 |      36 |  81.8 |       7 |       1 |  12.5
        D:3 |      33 |       0 |   0.0 |      16 |       0 |   0.0
        D:4 |      53 |     417 |  88.7 |       8 |       6 |  42.9
            +---------+---------+-------+---------+---------+-------

Skill      XL: |  1  2  3  4  5 |
---------------+----------------+-----
Ranged Weapons | 5 6 7 8 |  8.8
Fighting       | |  2.4
Dodging        | |  2.1
Stealth        | |  0.7

Action                     |  1- 3 |  4- 6 || total
---------------------------+-------+-------++-------
   Fire: Shortbow          |    93 |    65 ||   158
  Evoke: Wand              |       |    10 ||    10
    Use: Scroll            |     2 |     4 ||     6
 Armour: Leather armour    |    10 |    41 ||    51
  Dodge: Dodged            |    16 |    19 ||    35

Illustrated notes

Table legend:
 A = Kills in this place as a percentage of kills in the entire game.
 B = Kills by you in this place as a percentage of kills by you in the entire game.
 C = Kills by friends in this place as a percentage of kills by friends in the entire game.
 D = Other kills in this place as a percentage of other kills in the entire game.
 E = Experience gained in this place as a percentage of experience gained in the entire game.
 F = Experience gained in this place divided by the number of levels of this place that you have seen.
                   A       B       C       D       E      F
               +-------+-------+-------+-------+-------+----------------------
         Total | 100.0 | 100.0 |   N/A |   N/A | 100.0 | 145.8
       Dungeon | 100.0 | 100.0 |   N/A |   N/A | 100.0 | 145.8
               +-------+-------+-------+-------+-------+----------------------

Table legend: (Time is in decaauts)
 A = Elapsed time spent in this place.
 B = Non-inter-level travel time spent in this place.
 C = Inter-level travel time spent in this place.
 D = Time resting spent in this place.
 E = Time spent auto-exploring this place.
 F = Levels seen in this place.
 G = Mean time per level.
                   A        B        C        D        E       F      G
               +--------+--------+--------+--------+--------+-----+--------+
         Total |   1553 |   1307 |    246 |      0 |    680 |   4 |  388.2 |
       Dungeon |   1553 |   1307 |    246 |      0 |    680 |   4 |  388.2 |
               +--------+--------+--------+--------+--------+-----+--------+

Top non-repeatable levels by time:
     D:3: 567 daAuts
     D:1: 387 daAuts
     D:4: 383 daAuts
     D:2: 215 daAuts
